 Dungeon Crawl Stone Soup version 0.25.0-26-g0c896c7088 (console) character file.

Game seed: 17825509843311147075

14877 Colgate the Blocker (level 12, -4/72 HPs)
             Began as a Gargoyle Fighter on July 1, 2020.
             Was an Elder of Trog.
             Slain by Pyuq's ghost (13 damage)
             ... on level 8 of the Dungeon.
             The game lasted 03:25:37 (12215 turns).

Colgate the Blocker (Gargoyle Fighter)             Turns: 12215, Time: 03:25:38

Health: -4/72      AC: 28    Str: 22    XL:     12   Next: 21%
Magic:  13/13      EV: 10    Int:  9    God:    Trog [****..]
Gold:   263        SH: 22    Dex: 16    Spells: 11/11 levels left

rFire    . . .     SeeInvis .   Y - +4 flail
rCold    . . .     Gourm    .   w - +4 tower shield
rNeg     + . .     Faith    +   l - +3 plate armour
rPois    ∞         Spirit   .   D - +0 helmet
rElec    +         Reflect  .   K - scarf {harm}
rCorr    .         Harm     +   P - +1 pair of gloves
MR       .....                  a - +0 pair of boots of Vabraij {Dex+4}
Stlth    ..........             S - amulet of faith
HPRegen  0.22/turn              j - +4 ring of slaying
MPRegen  0.13/turn              q - +4 ring of evasion

@: no status effects
A: negative energy resistance 1, electricity resistance, unbreathing,
petrification resistance, rot immunity, AC +8
a: Berserk, Trog's Hand, Brothers in Arms, Renounce Religion


You were on level 8 of the Dungeon.
You worshipped Trog.
Trog was greatly pleased with you.
You were not hungry.

You visited 2 branches of the dungeon, and saw 12 of its levels.

You collected 650 gold pieces.
You spent 387 gold pieces at shops.

Inventory:

Hand Weapons
 A - a +0 mace of holy wrath
 J - a +0 hunting sling
 X - a +0 morningstar
 Y - a +4 flail (weapon)
Missiles
 e - 210 stones (quivered)
 L - 26 sling bullets
Armour
 a - the +0 pair of boots of Vabraij (worn) {Dex+4}
   (You found it on level 4 of the Dungeon)

   It affects your dexterity (+4).
 l - a +3 plate armour (worn)
 w - a +4 tower shield (worn)
 D - a +0 helmet (worn)
 K - a scarf of harm (worn)
 N - +0 acid dragon scales
 P - a +1 pair of gloves (worn)
Jewellery
 c - an uncursed ring of protection from cold
 j - a +4 ring of slaying (left hand)
 m - an uncursed ring of magical power {unknown}
 q - a +4 ring of evasion (right hand)
 v - a +6 ring of dexterity
 C - an uncursed ring of see invisible
 H - an uncursed ring of resist corrosion
 S - an amulet of faith (around neck)
 V - an uncursed ring of protection from fire
Wands
 b - a wand of polymorph (8)
 i - a wand of acid (13)
 o - a wand of clouds (7)
 u - a wand of flame (17)
 x - a wand of paralysis (14)
 G - a wand of random effects (32)
 Q - a wand of enslavement (7)
 Z - a wand of digging (6)
Scrolls
 g - 6 scrolls of remove curse
 h - a scroll of fear
 k - 5 scrolls of teleportation
 s - 2 scrolls of amnesia
 B - a scroll of fog
 T - a scroll of magic mapping
 U - 3 scrolls of identify
Potions
 d - 5 potions of brilliance
 n - 2 potions of heal wounds
 p - a potion of invisibility
 E - 4 potions of curing
 I - 2 potions of stabbing
Miscellaneous
 M - a phial of floods (inert)
Comestibles
 f - 20 rations


   Skills:
 + Level 7.3 Fighting
   Level 2.5(6.0) Axes
 + Level 9.5(9.7) Maces & Flails
 + Level 6.3(7.4) Slings
   Level 0.3 Bows
 + Level 6.1(7.3) Throwing
 + Level 5.0 Armour
 + Level 4.9 Dodging
 + Level 4.1 Stealth
 + Level 10.9 Shields
 + Level 1.7 Evocations


You had 11 spell levels left.
You didn't know any spells.
Your spell library contained the following spells:

 Spells                   Type           Power        Failure   Level  Hunger
 Corona                   Hex            #......      100%        1    ##.....
 Magic Dart               Conj           #...         100%        1    ##.....
 Searing Ray              Conj           #.....       100%        2    ###....
 Slow                     Hex            #.......     100%        2    ###....
 Dazzling Flash           Conj/Hex       #.....       100%        3    ####...
 Inner Flame              Hex/Fire       #.......     100%        3    ####...
 Portal Projectile        Hex/Tloc       #.....       100%        3    ####...
 Cause Fear               Hex            #.........   100%        4    #####..
 Fulminant Prism          Conj/Hex       #.........   100%        4    #####..
 Iskenderun's Mystic Bla  Conj/Tloc      #.......     100%        4    #####..
 Leda's Liquefaction      Hex/Erth       #.........   100%        4    #####..


Dungeon Overview and Level Annotations

Branches:
Dungeon (11/15)            Temple (1/1) D:5            Lair (0/6) D:9
    Orc: D:9-12

Altars:
Ashenzari
Cheibriados
Dithmenos
Elyvilon
Fedhas
Gozag
Hepliaklqana
Kikubaaqudgha
Makhleb
Nemelex Xobeh
Okawaru
Qazlal
Ru
Sif Muna
Trog
Uskayaw
Vehumet
Wu Jian
Xom
Yredelemnul
Zin
The Shining One

Shops:
D:7 [   D:9 [

Annotations:
D:8 2 runed translucent doors, Pyuq's ghost, journeyman DsBe


Innate Abilities, Weirdness & Mutations

You are resistant to torment.
Your stone body is resilient. (AC +8)
You are immune to poison.
You resist negative energy. (rN+)
You are resistant to electric shocks. (rElec)
You can survive without breathing.
You are immune to petrification.
You are immune to rotting.


Message History

Pyuq's ghost is lightly damaged.
Pyuq's ghost hits you but does no damage.
You miss Pyuq's ghost.
Pyuq's ghost is lightly damaged.
Pyuq's ghost hits you!
You sock Pyuq's ghost!
Pyuq's ghost is moderately damaged.
Pyuq's ghost barely misses you.
You hit Pyuq's ghost but do no damage.
Pyuq's ghost is moderately damaged.
Pyuq's ghost hits you!!
* * * LOW HITPOINT WARNING * * *
x2
Okay, then.
Evoke which item? (* to show all) (? for menu, Esc to quit)
Aiming: Paralyse
Press: ? - help, Shift-Dir - straight line, f - Pyuq's ghost
Aim: Pyuq's ghost, wielding a vorpal weapon (moderately damaged, chance to defeat MR: 8%) Pyuq's ghost resists with almost no effort.
Pyuq's ghost hits you!
You die...

#####.............#####..........
#.............#>..#..........
#.............#...#..........
#.............#...#.......#+#
#####.............#...#.......#..
..................#...#.......#..
)....#'######.....#...#.......#..
.....#.<....#.....#...#.......#..
.....#......#.....#...#.......#..
.....'......#.....#...#.......#..
.....#......#...@.#...#.......#..
######......#....W#...#.......#..
.....'......#.....###)#..<....#..
....##......#.................#..
....#########.................#..
....##......######.....###+####..
....##...........#.....#.....##..
.................#.....#.........
.................#.....#.........
[................#.....'....^....
##################.....##########


You could see Pyuq's ghost.

Vanquished Creatures
  Gastronok (D:11)
  The ghost of Texkoz the Slicer, a journeyman KoHu of Ru (D:11)
  Harold (D:10)
  2 two-headed ogres
  The ghost of Obuyqyna the Thaumaturge, a journeyman SpEE of Vehumet (D:11)
  The ghost of Elizilla the Basher, a novice FoFi of Okawaru (D:7)
  An ugly thing (D:11)
  A cyclops (D:11)
  2 manticores (D:11)
  2 kobold demonologists (D:11)
  A hornet (D:11)
  2 hippogriffs (D:8)
  Sigmund (D:6)
  2 wyverns
  A hungry ghost (D:7)
  Menkaure (D:6)
  A water moccasin (D:10)
  An acid dragon (D:11)
  2 orc warriors
  3 sky beasts
  An ice beast (D:10)
  A black bear (D:11)
  5 phantoms
  7 ogres
  6 centaurs
  6 bullfrogs
  5 scorpions
  10 killer bees
  6 wights
  4 howler monkeys
  3 crimson imps
  4 centaur zombies
  7 jellies
  4 quasits (D:7)
  6 hounds
  2 centaur skeletons
  6 orc wizards
  2 worker ants
  A killer bee zombie (D:10)
  A hound skeleton (D:5)
  A worker ant zombie (D:8)
  Robin (D:3)
  16 adders
  A shadow imp (D:8)
  7 oozes
  4 adder zombies
  2 worms
  A dart slug (D:2)
  3 leopard geckos
  37 orcs
  A ball python (D:2)
  3 bats
  5 giant cockroaches
  17 goblins
  8 hobgoblins
  14 jackals
  4 quokkas
  4 frilled lizards
  A jackal skeleton (D:8)
  A jackal zombie (D:7)
  14 kobolds
  2 quokka zombies
  5 rats
267 creatures vanquished.

Vanquished Creatures (collateral kills)
  Maggie (D:8)
1 creature vanquished.

Vanquished Creatures (others)
  A big kobold (D:11)
  A kobold (D:11)
  3 fungi (D:3)
  9 toadstools (D:3)
  4 withered plants (D:11)
18 creatures vanquished.

Grand Total: 286 creatures vanquished

Notes
Turn   | Place    | Note
-------+----------+-------------------------------------------
     0 | D:1      | Colgate the Gargoyle Fighter began the quest for the Orb.
     0 | D:1      | Reached XP level 1. HP: 14/14 MP: 1/1
   441 | D:1      | Reached XP level 2. HP: 19/19 MP: 2/2
   853 | D:2      | Reached XP level 3. HP: 23/23 MP: 3/3
  1111 | D:2      | Reached XP level 4. HP: 22/28 MP: 4/4
  1314 | D:2      | Reached skill level 1 in Throwing
  1390 | D:2      | Found a bloodstained altar of Trog.
  1396 | D:2      | Became a worshipper of Trog the Wrathful
  1773 | D:2      | Reached skill level 1 in Dodging
  1822 | D:3      | Noticed Robin
  1843 | D:3      | Reached XP level 5. HP: 25/33 MP: 5/5
  1846 | D:3      | Killed Robin
  1857 | D:3      | Reached * piety under Trog
  2025 | D:3      | Reached skill level 1 in Stealth
  2320 | D:3      | Found a basalt altar of Yredelemnul.
  2320 | D:3      | Found an iron altar of Okawaru.
  2321 | D:3      | Found a stormy altar of Qazlal.
  2381 | D:3      | Reached skill level 4 in Shields
  2381 | D:3      | Reached XP level 6. HP: 34/38 MP: 6/6
  2468 | D:3      | Found a bloodstained altar of Trog.
  2704 | D:3      | Reached ** piety under Trog
  2711 | D:3      | Found a snail-covered altar of Cheibriados.
  2728 | D:3      | Found a hazy altar of Hepliaklqana.
  2731 | D:3      | Found a blossoming altar of Fedhas.
  3301 | D:3      | You fall into a shaft and drop 1 floor!
  3325 | D:4      | Got a pair of shimmering boots
  3331 | D:4      | Identified the +0 pair of boots of Vabraij {Dex+4} (You
                  | found it on level 4 of the Dungeon)
  3442 | D:4      | Reached XP level 7. HP: 42/42 MP: 7/7
  3570 | D:4      | Found a glowing golden altar of the Shining One.
  3979 | D:5      | Entered Level 5 of the Dungeon
  4253 | D:5      | Reached skill level 1 in Axes
  4553 | D:5      | Reached skill level 5 in Shields
  4822 | D:5      | Found a staircase to the Ecumenical Temple.
  4836 | Temple   | Entered the Ecumenical Temple
  5286 | D:6      | Reached XP level 8. HP: 43/48 MP: 8/8
  5458 | D:6      | Noticed Menkaure
  5467 | D:6      | Killed Menkaure
  5467 | D:6      | Reached skill level 6 in Shields
  5811 | D:6      | Reached *** piety under Trog
  6025 | D:6      | Noticed Sigmund
  6036 | D:6      | Killed Sigmund
  6036 | D:6      | Reached skill level 5 in Maces & Flails
  6118 | D:6      | You fall into a shaft and drop 1 floor!
  6254 | D:7      | Reached XP level 9. HP: 47/52 MP: 9/9
  6258 | D:7      | Reached skill level 5 in Throwing
  6482 | D:7      | Reached skill level 7 in Shields
  6516 | D:7      | Noticed Elizilla's ghost (novice FoFi)
  7033 | D:7      | Found a transporter.
  7150 | D:7      | Found a transporter.
  7190 | D:7      | Found Ethil's Antique Armour Boutique.
  7533 | D:7      | Killed Elizilla's ghost
  7533 | D:7      | Reached skill level 8 in Shields
  8026 | D:8      | Found a large runed translucent door.
  8026 | D:8      | Found a large runed translucent door.
  8043 | D:8      | Reached XP level 10. HP: 52/58 MP: 10/10
  8067 | D:8      | Reached skill level 5 in Fighting
  8067 | D:8      | Reached skill level 1 in Slings
  8127 | D:8      | Reached **** piety under Trog
  8352 | D:8      | Noticed Maggie
  8356 | D:8      | Killed Maggie
  8436 | D:8      | Found a large runed translucent door.
  8436 | D:8      | Found a large runed translucent door.
  9329 | D:9      | Reached skill level 9 in Shields
  9426 | D:9      | Found a staircase to the Lair.
  9541 | D:9      | Found Akiw's Antique Armour Shop.
  9547 | D:9      | Bought a runed scarf for 200 gold pieces
  9547 | D:9      | Bought a pair of runed gloves for 187 gold pieces
  9563 | D:9      | Noticed a two-headed ogre
  9571 | D:9      | Killed a two-headed ogre
  9768 | D:9      | Found a hide-covered altar of Uskayaw.
  9952 | D:10     | Entered Level 10 of the Dungeon
 10213 | D:10     | Noticed Harold
 10225 | D:10     | Killed Harold
 10225 | D:10     | Reached XP level 11. HP: 64/64 MP: 11/11
 10231 | D:10     | Reached skill level 1 in Evocations
 10241 | D:10     | Noticed a two-headed ogre
 10251 | D:10     | Killed a two-headed ogre
 10623 | D:11     | Noticed a cyclops
 10631 | D:11     | Killed a cyclops
 10706 | D:11     | Found a runed translucent gate.
 10707 | D:11     | Found a runed translucent gate.
 10709 | D:11     | Found a runed translucent gate.
 10711 | D:11     | Noticed Obuyqyna's ghost (journeyman SpEE)
 10711 | D:11     | Noticed Pyuq's ghost (journeyman DsBe)
 10711 | D:11     | Noticed Texkoz's ghost (journeyman KoHu)
 10726 | D:11     | Reached skill level 5 in Slings
 10882 | D:11     | Noticed a cyan ugly thing
 10894 | D:11     | Killed a cyan ugly thing
 10921 | D:11     | Noticed a manticore
 10936 | D:11     | Killed a manticore
 10986 | D:11     | Reached skill level 10 in Shields
 11020 | D:11     | Noticed Gastronok
 11031 | D:11     | Killed Gastronok
 11035 | D:11     | Noticed a soul eater
 11039 | D:11     | Noticed a manticore
 11044 | D:11     | Killed a manticore
 11050 | D:11     | Noticed a sixfirhy
 11068 | D:11     | Noticed a sixfirhy
 11346 | D:11     | Reached XP level 12. HP: 68/72 MP: 13/13
 11845 | D:11     | Killed Texkoz's ghost
 12174 | D:11     | Killed Obuyqyna's ghost
 12174 | D:11     | Reached skill level 5 in Armour
 12215 | D:8      | Slain by Pyuq's ghost

Illustrated notes

Levels and vault maps discovered:
D:1:      dpeg_arrival_simpleton_a, layout_basic
D:2:      kennysheep_big_flooded_room, layout_basic, bloody_trog,
          small_statue_intersection
D:3:      cheibrodos_fertilizer, layout_loops_ring,
          nicolae_overflow_hidden_temple, lemuel_round_altar, first_ration,
          trog_three_pillars_becter, uniq_robin
D:4:      layout_basic, nicolae_tso_swordbearing_angel
D:5:      layout_loops_ring, temple_hall, minmay_misc_feat_room
D:6:      layout_basic, uniq_menkaure, uniq_sigmund
D:7:      layout_cave_pods, serial_shops, shop, gammafunk_ghost_stat_death,
          serial_glass, glass_columns_a, glass_columns_b
D:8:      layout_gridville, grunt_pizzeria, minmay_hollow_rounded_squares,
          uniq_maggie
D:9:      layout_roguey, eat_drink_and_be_merry_uskayaw, lair_entry_dummy,
          serial_shops, nicolae_shop_overgrown_old_shop
D:10:     layout_rooms, uniq_harold
D:11:     layout_loops_ring, gammafunk_ghost_cemetery, uniq_gastronok
Temple:   minmay_temple_curvy_branch

Skill      XL: |  1  2  3  4  5  6  7  8  9 10 11 12 |
---------------+-------------------------------------+-----
Maces & Flails | 3 4 5 6 7 9 |  9.5
Throwing       | 1 2 3 4 5 6 |  6.1
Dodging        | 1 2 3 4 |  4.9
Stealth        | 1 2 3 4 |  4.1
Shields        | 4 5 6 8 9 10 | 10.9
Fighting       | 4 6 7 |  7.3
Axes           | 2 |  2.5
Slings         | 4 6 |  6.3
Evocations     | 1 |  1.7
Armour         | 4 5 |  5.0
Bows           | |  0.3

Action                   |  1- 3 |  4- 6 |  7- 9 | 10-12 || total
-------------------------+-------+-------+-------+-------++-------
Melee: Flail             |    61 |   148 |       |   160 ||   369
       Hand axe          |       |     3 |    58 |       ||    61
       Whip              |       |       |   150 |   110 ||   260
       Mace              |       |       |     4 |    14 ||    18
       Morningstar       |       |       |       |     5 ||     5
 Fire: Shortbow          |       |       |     2 |       ||     2
       Hunting sling     |       |       |    12 |   115 ||   127
Throw: Stone             |    56 |   137 |   190 |    24 ||   407
Invok: Berserk           |       |     2 |     5 |     4 ||    11
       Trog's Hand       |       |     1 |       |       ||     1
       Brothers in Arms  |       |       |       |     1 ||     1
Evoke: Wand              |       |       |     2 |    19 ||    21
       Phial of floods   |       |       |       |     1 ||     1
  Use: Potion            |       |     1 |       |     2 ||     3
       Scroll            |       |     2 |    11 |     9 ||    22
 Stab: Paralysed         |       |       |       |     4 ||     4
  Eat: Chunk             |     1 |     8 |    19 |    13 ||    41
       Ration            |       |       |     1 |     1 ||     2
Armor: Steam dragon scal |    24 |    36 |    56 |     2 ||   118
       Acid dragon scale |       |       |       |    13 ||    13
       Plate armour      |       |       |       |    67 ||    67
Dodge: Dodged            |    26 |    29 |    75 |    48 ||   178
Block: Kite shield       |    29 |     5 |       |       ||    34
       Tower shield      |       |    94 |   210 |   312 ||   616
